 Dungeon Crawl Stone Soup version 0.30-a0-457-g4b7bca3bfa (webtiles) character file.

Game seed: 15890789409915155411

1055 ytrimaz the Slicer (level 8, -7/56 HPs)
             Began as a Djinni Fighter on Dec 12, 2022.
             Was an Initiate of Ashenzari.
             Mangled by an orc warrior
             ... wielding a +0 long sword
              (15 damage)
             ... on level 6 of the Dungeon.
             The game lasted 00:06:20 (5130 turns).

ytrimaz the Slicer (Djinni Fighter)                 Turns: 5130, Time: 00:06:21

Health: -7/56      AC:  7    Str: 15    XL:     8   Next: 51%
Gold:   73         EV: 12    Int: 15    God:    Ashenzari [......] SH:  0 Dex: 12

rFire   + + .      SeeInvis +    a - +0 rapier
rCold   . . .      Faith    +    k - orb {light}
rNeg    + . .      Spirit   .    v - +2 leather armour {rC+}
rPois   ∞          Reflect  .    (no helmet)
rElec   .          Harm     .    (no cloak)
rCorr   .          Rampage  .    w - +1 pair of gloves of the Modern Wars {Int+2 Slay+3 SInv}
Will    .....                    (boots unavailable)
Stlth   +.........               g - amulet of faith
HPRegen 0.29/turn                h - ring of the Eternal Comet {rN+, Evo, Range} (curse)
MPRegen 0.00/turn                x - ring of magical power

@: about to teleport, flying, glowing
A: sickness immunity, fire resistance 2, cold vulnerability 1, float, innate
caster, HP casting, extra vitality 1
a: Renounce Religion, Curse Item, Shatter the Chains


You were on level 6 of the Dungeon.
You worshipped Ashenzari.
Ashenzari was noncommittal.
You visited 1 branch of the dungeon, and saw 6 of its levels.

You collected 339 gold pieces.
You spent 266 gold pieces at shops.


Innate Abilities, Weirdness & Mutations

You are immune to sickness and miasma.
You are immune to poison.
Your flesh is very heat resistant. (rF++)
You are vulnerable to cold. (rC-)
You float through the air rather than walking.
You learn spells naturally, not from books.
Your magical power is your life essence.
You have superior vitality. (+4 MHP)


   Skills:
 - Level 3.0 Fighting
 + Level 8.2 Short Blades
 - Level 3.0 Armour
 + Level 2.1 Dodging
 - Level 4.0 Shields


You had one spell level left.
You knew the following spells:

 Your Spells              Type           Power      Damage    Failure   Level
a - Sandblast             Erth           0%         2d4       32%         1
b - Call Imp              Summ           0%         N/A       45%         2
c - Summon Guardian Gole  Hex/Summ       0%         N/A       69%         3
Your spell library was empty.

Inventory:

Hand Weapons
 a - a +0 rapier (weapon)
Armour
 b - a +1 scale mail
 c - a +0 buckler
 k - an orb of light (worn)
   (You found it on level 3 of the Dungeon)
 r - a +2 chain mail of fire resistance
   (You took it off Edmund on level 4 of the Dungeon)
 v - a +2 leather armour of cold resistance (worn)
   (You took it off an orc on level 5 of the Dungeon)
 w - the +1 pair of gloves of the Modern Wars (worn) {Int+2 Slay+3 SInv}
   (You bought it in a shop on level 5 of the Dungeon)

   Int:       It affects your intelligence (+2).
   Slay:      It affects your accuracy & damage with ranged weapons and melee
   (+3).
   SInv:      It lets you see invisible.
Jewellery
 g - an amulet of faith (around neck)
   (You found it on level 1 of the Dungeon)
 h - the cursed ring of the Eternal Comet (left hand) {rN+, Evo, Range}
   (You found it on level 1 of the Dungeon)

   [ring of positive energy]

   rN:        It protects you from negative energy.
   It has a curse which improves the following skills: Evocations: Evocations.
   Ranged Combat: Ranged Weapons and Throwing.
 x - a ring of magical power (right hand)
   (You found it on level 5 of the Dungeon)
Wands
 m - a wand of iceblast (6)
   (You found it on level 4 of the Dungeon)
 o - a wand of flame (21)
   (You found it on level 3 of the Dungeon)
Scrolls
 q - 2 scrolls of blinking
 u - a scroll of silence
Potions
 e - 2 potions of attraction
 f - 2 potions of curing
 i - 2 potions of lignification
 j - a potion of degeneration {unknown}
 l - 2 potions of heal wounds {unknown}
 n - 4 potions of mutation {unknown}
 p - 2 potions of ambrosia {unknown}
 t - a potion of flight {unknown}

Dungeon Overview and Level Annotations

Branches:
Dungeon (6/15) Zot: 26842
 Temple: D:4-7

Altars:
Ashenzari
Yredelemnul

Shops:
D:5

[[? .#.#.#.# #.# #.#.#.#.#
#.# +#+#.#.#.#.# #.#
......#.#.#.#!#
....#.#.#.#o# .#
....#.#.#.#.#
.#.#+#+#.#.#$#o#.#.#
#.#.#.#.#.#5#o#.#....
....+#.#.#.#.#.#@#.#o#....
...(#.#.#.#.#.#.#.#.#.......
....+#.#.#.#.#.#.#.#.#.#+#+#
....#.#.#.#.#.#.#.#.#.#.#
....+#.#.#.#.#.#.#.#.#.#.#
....#.#.#.#.#.#.#.#.#.#.#.
.)...#.#.#.#.#.#.#.#+#.#.
#<#.#.#.#.#.#.#.#.. #.
#.#.#.#.#.#.#.#.#+...


You could see an orc warrior, a white imp and 2 orcs.


Message History

You see here a +0 flail. 😮 HP[-5]
You take 5 damage, and now have 34/56 hp.
Unknown command.
You puncture the gnoll!
The gnoll hits you with a +0 halberd. 😮 HP[-2]
You take 2 damage, and now have 32/56 hp.
You hit the gnoll. The gnoll hits you with a +0 halberd!
* * * LOW HITPOINT WARNING * * *
😨 HP[-10]
You take 10 damage, and now have 22/56 hp.
You puncture the gnoll!
You kill the gnoll!
Unknown command.
You see here a +0 halberd. 😨 HP[+1]
You feel a little less mighty now.
Key pressed, stopping explore.
Key pressed, stopping explore.
Unknown command. 😮 HP[+17]
You regained 17 hp, and now have 40/56 hp.
Key pressed, stopping explore.
An orc warrior comes into view.
It is wielding a +0 long sword. 😕 HP[+14]
You regained 14 hp, and now have 54/56 hp.
An orc warrior is nearby!
An orc warrior is nearby!
An orc warrior is nearby!
An orc warrior is nearby!
An orc warrior is nearby!
The orc warrior shouts!
Something shouts, "Leave, thou jarring limp-willed reprobate!"
You hear a shout! x4
You see here a +0 halberd.
You see here a +0 flail. 😕 HP[+1]
A white imp comes into view.
You see here a +0 halberd.
The white imp shouts!
You hit the orc warrior but do no damage.
You hear a shout!
The orc warrior barely misses you.
You hear a shout!
You hit the orc warrior.
You hear a shout!
The white imp hits you but does no damage.
The orc warrior hits you with a +0 long sword! 😕 HP[-8]
You take 8 damage, and now have 47/56 hp.
You hit the orc warrior.
The orc warrior hits you but does no damage.
The white imp hits you. The white imp freezes you. 😮 HP[-5]
You take 5 damage, and now have 42/56 hp.
You are too injured to fight recklessly!
You barely miss the orc warrior.
The white imp hits you but does no damage.
The orc warrior hits you but does no damage.
You are too injured to fight recklessly!
Unknown command.
You hit the orc warrior.
You are too injured to fight recklessly!
You hit the orc warrior but do no damage.
The orc warrior closely misses you. The white imp gestures at you.
The puff of frost hits you. 😮 HP[-1]
You take 1 damage, and now have 41/56 hp.
You are too injured to fight recklessly!
You hit the orc warrior.
The orc warrior hits you with a +0 long sword!
* * * LOW HITPOINT WARNING * * *
The white imp hits you but does no damage.
An orc comes into view. It is wielding a +0 dagger. 😨 HP[-13]
You take 13 damage, and now have 28/56 hp.
MASSIVE DAMAGE!! (PAUSE)
The orc warrior attacks as you move away!
The orc warrior hits you with a +0 long sword!
* * * LOW HITPOINT WARNING * * *
You see here a +0 flail. 😨 HP[-9]
You take 9 damage, and now have 19/56 hp.
An orc comes into view. It is wielding a +0 mace.
You see here a +0 halberd.
Unknown command.
As you read the scroll of teleportation, it crumbles to dust.
You feel strangely unstable. The white imp hits you.
* * * LOW HITPOINT WARNING * * *
The white imp freezes you.
* * * LOW HITPOINT WARNING * * *
The orc warrior hits you with a +0 long sword!
* * * LOW HITPOINT WARNING * * *
😱 HP[-11]
You take 11 damage, and now have 8/56 hp.
The orc warrior attacks as you move away!
The orc warrior hits you with a +0 long sword!
You die...

Skill      XL: |  1  2  3  4  5  6  7  8 |
---------------+-------------------------+-----
Short Blades   | 2 3 5 6 7 8 |  8.2
Shields        | 4 |  4.0
Dodging        | 2 |  2.1
Fighting       | |  3.0
Armour         | |  3.0

Action                   |  1- 3 |  4- 6 |  7- 9 || total
-------------------------+-------+-------+-------++-------
Melee: Rapier            |    78 |   250 |   198 ||   526
Invok: Curse Item        |       |       |     1 ||     1
  Use: Scroll            |     5 |     5 |     3 ||    13
       Potion            |       |     5 |     1 ||     6
Armor: Scale mail        |    40 |    88 |    61 ||   189
       Skin              |       |    16 |       ||    16
       Leather armour    |       |       |    18 ||    18
Dodge: Dodged            |    31 |    69 |    79 ||   179
Block: Buckler           |    29 |    35 |       ||    64

Levels and vault maps discovered:
D:1:      ncdulo_smallfort, layout_basic, hellmonk_ecumenical_altar_blasted
D:2:      layout_loops_cross, kennysheep_generic_room_13
D:3:      layout_rooms, grunt_temple_overflow_open, minmay_joined_circles
D:4:      layout_cave_pools, hangedman_decor_diamond_cutter,
          minmay_misc_feat_ornament, uniq_sigmund, uniq_edmund
D:5:      layout_loops_corners, nicolae_wooded_promenade, minmay_misc_feat_rows
D:6:      layout_basic, led_xom_imps, minmay_temple_entry_proselytizer

Notes
Turn   | Place    | Note
-------+----------+-------------------------------------------
     0 | D:1      | ytrimaz the Djinni Fighter began the quest for the Orb.
     0 | D:1      | Reached XP level 1. HP: 20/20 MP: 0/0
     0 | D:1      | magus.rc [v1.9.6]
   252 | D:1      | Found a faded altar of an unknown god.
   338 | D:1      | Reached skill level 2 in Short Blades
   426 | D:1      | Reached XP level 2. HP: 25/25 MP: 0/0
   766 | D:2      | Reached XP level 3. HP: 16/30 MP: 0/0
   766 | D:2      | Learned a level 1 spell: Sandblast
   914 | D:2      | Reached XP level 4. HP: 35/35 MP: 0/0
   941 | D:2      | Reached skill level 4 in Shields
   979 | D:2      | Reached skill level 3 in Short Blades
  1943 | D:3      | Reached XP level 5. HP: 38/40 MP: 0/0
  1943 | D:3      | Learned a level 2 spell: Call Imp
  1981 | D:3      | Found a broken altar of Ashenzari.
  1991 | D:3      | Found a basalt altar of Yredelemnul.
  2193 | D:3      | Reached skill level 4 in Short Blades
  2280 | D:3      | Became a worshipper of Ashenzari the Shackled
  2568 | D:4      | Noticed a sky beast
  2578 | D:4      | Noticed Edmund
  2595 | D:4      | Killed a sky beast
  2596 | D:4      | Reached skill level 5 in Short Blades
  2596 | D:4      | Reached XP level 6. HP: 22/46 MP: 0/0
  2605 | D:4      | HP: 15/69 [Edmund/+3 flail of protection (5)]
  2607 | D:4      | Killed Edmund
  2610 | D:4      | Noticed Sigmund
  2623 | D:4      | Killed Sigmund
  2624 | D:4      | Reached skill level 6 in Short Blades
  2624 | D:4      | Reached XP level 7. HP: 29/50 MP: 0/0
  2624 | D:4      | Learned a level 3 spell: Summon Guardian Golem
  3161 | D:4      | Reached skill level 7 in Short Blades
  3462 | D:5      | Entered Level 5 of the Dungeon
  3567 | D:5      | Reached XP level 8. HP: 29/56 MP: 0/0
  4427 | D:5      | Found Fomy's Antique Armour Shoppe.
  4428 | D:5      | Found Yfeoluerch's Armour Emporium.
  4428 | D:5      | Found Sidusak's Magic Scroll Shop.
  4448 | D:5      | Bought a pair of bloodstained gloves for 266 gold pieces
  4448 | D:5      | Identified the +1 pair of gloves of the Modern Wars {Int+2
                  | Slay+3 SInv} (You bought it in a shop on level 5 of the
                  | Dungeon)
  4600 | D:5      | Reached skill level 8 in Short Blades
  4995 | D:6      | Reached skill level 1 in Dodging
  5001 | D:6      | Reached skill level 2 in Dodging
  5129 | D:6      | HP: 8/56 [orc warrior/+0 long sword (7)]
  5130 | D:6      | Mangled by an orc warrior

Vanquished Creatures
  Sigmund (D:4)
  Edmund (D:4)
  A water moccasin (D:6)
  A sky beast (D:4)
  2 scorpions
  A howler monkey (D:5)
  3 hounds (D:5)
  An orc priest (D:5)
  An iguana (D:5)
  2 orc wizards
  3 gnolls (D:6)
  10 adders
  A shadow imp (D:3)
  A white imp (D:5)
  2 worms
  6 dart slugs
  12 orcs
  2 bats
  4 endoplasms (D:3)
  A giant cockroach (D:3)
  10 goblins
  6 hobgoblins
  3 jackals (D:3)
  2 quokkas (D:3)
  4 ball pythons
  3 frilled lizards
  10 kobolds
  3 rats
97 creatures vanquished.

Table legend:
 A = Non-vault XP
 B = Vault XP
 C = Vault XP percentage of total XP
 D = Non-vault monster count
 E = Vault monster count
 F = Vault count percentage of total count
                 A         B        C        D         E       F
            +---------+---------+-------+---------+---------+-------
      Total |    1088 |     420 |  27.9 |      76 |      21 |  21.6
            +---------+---------+-------+---------+---------+-------
        D:1 |      10 |       0 |   0.0 |       6 |       0 |   0.0
        D:2 |      93 |       3 |   3.1 |      19 |       2 |   9.5
        D:3 |      58 |      45 |  43.7 |      14 |      17 |  54.8
        D:4 |     314 |     372 |  54.2 |      18 |       2 |  10.0
        D:5 |     412 |       0 |   0.0 |      14 |       0 |   0.0
        D:6 |     201 |       0 |   0.0 |       5 |       0 |   0.0
            +---------+---------+-------+---------+---------+-------

Illustrated notes

Table legend:
 A = Kills in this place as a percentage of kills in entire the game.
 B = Kills by you in this place as a percentage of kills by you in the entire game.
 C = Kills by friends in this place as a percentage of kills by friends in the entire game.
 D = Other kills in this place as a percentage of other kills in the entire game.
 E = Experience gained in this place as a percentage of experience gained in the entire game.
 F = Experience gained in this place divided by the number of levels of this place that you have seen.
                   A       B       C       D       E      F
               +-------+-------+-------+-------+-------+----------------------
         Total | 100.0 | 100.0 |   N/A |   N/A | 100.0 | 251.3
       Dungeon | 100.0 | 100.0 |   N/A |   N/A | 100.0 | 251.3
               +-------+-------+-------+-------+-------+----------------------

Table legend: (Time is in decaauts)
 A = Elapsed time spent in this place.
 B = Non-inter-level travel time spent in this place.
 C = Inter-level travel time spent in this place.
 D = Time resting spent in this place.
 E = Time spent auto-exploring this place.
 F = Levels seen in this place.
 G = Mean time per level.
                   A        B        C        D        E       F      G
               +--------+--------+--------+--------+--------+-----+--------+
         Total |   5119 |   4823 |    296 |      0 |   3810 |   6 |  853.2 |
       Dungeon |   5119 |   4823 |    296 |      0 |   3810 |   6 |  853.2 |
               +--------+--------+--------+--------+--------+-----+--------+

Top non-repeatable levels by time:
     D:5: 1487 daAuts
     D:3: 973 daAuts
     D:4: 882 daAuts
     D:2: 878 daAuts
     D:1: 739 daAuts
     D:6: 157 daAuts
